 Dungeon Crawl Stone Soup version 0.27-a0-828-g8289197e94 (webtiles) character file.

Game seed: 12252623037556967930

196 srzhan31 the Magician (level 5, -1/35 HPs)
             Began as a Djinni Ice Elementalist on Mar 30, 2021.
             Slain by Grinder (6 damage)
             ... on level 4 of the Dungeon.
             The game lasted 00:09:59 (3887 turns).

srzhan31 the Magician (Djinni Ice Elementalist)     Turns: 3887, Time: 00:10:00

Health: -1/35      AC: 11    Str:  7    XL:     5   Next: 74%
Gold:   93         EV: 12    Int: 20    God:
                   SH:  0    Dex: 15

rFire    + + .     SeeInvis .   (no weapon)
rCold    x . .     Faith    .   (no shield)
rNeg     . . .     Spirit   .   a - +0 robe
rPois    ∞         Reflect  .   (helmet restricted)
rElec    .         Harm     .   (no cloak)
rCorr    .         Rampage  .   (no gloves)
Will     .....                  (boots unavailable)
Stlth    +.........             (no amulet)
HPRegen  0.11/turn              (no ring)
MPRegen  0.00/turn              (no ring)

@: confused, ice-armoured, ambrosia-drunk, frozen ramparts, flying
A: fire resistance 2, cold vulnerability 1, float, innate caster, hp casting,
extra vitality 1, horns 1, iridescent scales 1, agile 1, clever 1
a: no special abilities


You were on level 4 of the Dungeon.
You visited 1 branch of the dungeon, and saw 4 of its levels.

You collected 93 gold pieces.

Inventory:

Hand Weapons
 c - a +0 dagger of protection
Armour
 a - a +0 robe (worn)
Wands
 i - a wand of random effects (24)
Scrolls
 d - a scroll of immolation {unknown}
 e - a scroll of acquirement {unknown}
 h - a scroll of fear {unknown}
 k - a scroll of holy word {unknown}
Potions
 b - a potion of mutation
 g - a potion of haste {unknown}
 j - a potion of attraction {unknown}


   Skills:
 + Level 2.3 Dodging
 - Level 1.5 Stealth
 + Level 5.8 Spellcasting


You couldn't memorise any spells.
You knew the following spells:

 Your Spells              Type           Power      Damage    Failure   Level
a - Freeze                Ice            100%       1d11      1%          1
b - Frozen Ramparts       Ice            58%        1d7       3%          3
c - Ozocubu's Armour      Ice            29%        N/A       3%          3
d - Hailstorm             Conj/Ice       29%        3d8       10%         4
e - Summon Ice Beast      Ice/Summ       29%        N/A       10%         4
f - Sting                 Tmut/Pois      100%       1d8       1%          1
g - Passwall              Tmut/Erth      24%        N/A       1%          2
Your spell library was empty.

Dungeon Overview and Level Annotations

Branches:
Dungeon (4/15)
 Temple: D:4-7

Altars:
Fedhas
Qazlal

Shops:
D:3 (=((

Annotations:
D:4 Dowan, Duvessa, Grinder


Innate Abilities, Weirdness & Mutations

You are immune to poison.
Your flesh is very heat resistant. (rF++)
You are vulnerable to cold. (rC-)
You float through the air rather than walking.
You learn spells naturally, not from books.
Your magical power is your life essence.
You have superior vitality. (+4 HP)
You have a pair of small horns on your head.
You are partially covered in iridescent scales. (AC +2)
You are agile. (Dex +2)
Your mind is acute. (Int +2)


Message History

Aim: Grinder (lightly wounded, 25% to evade)
The sting hits Grinder but does no damage.
Grinder is poisoned.
Grinder is lightly wounded.
Grinder resists.
The wall freezes Grinder.
Grinder hits you.
You writhe in agony.
* * * LOW HITPOINT WARNING * * *
Casting: Sting (safe; 1% risk of failure)
Confirm with . or Enter, or press ? or * to list all spells.
The spell is quite dangerous to cast (11% risk of failure)!
Continue anyway?
Okay, then.
It was a potion of mutation.
You feel extremely strange.
You feel agile.
Iridescent scales grow over part of your body.
A pair of horns grows on your head!
You feel clever.
The frozen ramparts melt away.
Grinder hits you but does no damage.
Unknown command.
Your icy armour will break if you move.
Continue?
Okay, then.
Aiming: Random Effects
Press: ? - help, Shift-Dir - straight line, f/p - Grinder
Aim: Grinder (moderately wounded, poisoned) Grinder is outlined in light.
Grinder hits you but does no damage.
Casting: Summon Ice Beast (quite dangerous; 10% risk of failure)
Confirm with . or Enter, or press ? or * to list all spells.
Casting: Frozen Ramparts (dangerous; 3% risk of failure)
Press: ? - help, Dir - look around, f - activate The walls around you are covered in ice.
* * * LOW HITPOINT WARNING * * *
Grinder completely resists.
The wall freezes Grinder but does no damage.
Grinder hits you but does no damage.
It was a potion of ambrosia.
You are confused.
You feel invigorated.
Grinder resists.
The wall freezes Grinder.
Grinder hits you but does no damage.
Grinder resists.
The wall freezes Grinder.
Grinder hits you!
* * * LOW HITPOINT WARNING * * *
You writhe in agony.
You die...

####### # #..
#.....# .. #..
#.....##... #..
#.<....(.#. #..
#...[.##... ..
#.......... #.
######.##.#
#.########## #.##..
#.@5.......# #....#
##########†###.###.
#.##.## #.#.##
#...# ###.# ##.#
#.# #..


You could see Grinder (poisoned, corona).

Vanquished Creatures
  Natasha (thrice) (D:2)
  An iguana (D:4)
  2 adders (D:2)
  A worm (D:2)
  4 dart slugs
  An orc (D:3)
  4 ball pythons
  6 endoplasms
  6 giant cockroaches
  4 goblins
  10 hobgoblins
  5 jackals
  A quokka (D:2)
  7 bats
  2 frilled lizards (D:1)
  4 kobolds (D:1)
  4 rats
65 creatures vanquished.

Vanquished Creatures (others)
  2 fungi (D:2)
  2 plants (D:2)
4 creatures vanquished.

Grand Total: 69 creatures vanquished

Notes
Turn   | Place    | Note
-------+----------+-------------------------------------------
     0 | D:1      | srzhan31 the Djinni Ice Elementalist began the quest for
                  | the Orb.
     0 | D:1      | Reached XP level 1. HP: 15/15 MP: 0/0
   135 | D:1      | Reached XP level 2. HP: 9/21 MP: 0/0
   312 | D:1      | Reached skill level 4 in Spellcasting
   982 | D:1      | Reached XP level 3. HP: 19/25 MP: 0/0
   982 | D:1      | Learned a level 1 spell: Sting
  1754 | D:2      | Found a stormy altar of Qazlal.
  1770 | D:2      | Found a blossoming altar of Fedhas.
  1808 | D:2      | Reached XP level 4. HP: 28/31 MP: 0/0
  1891 | D:2      | Noticed Natasha
  1893 | D:2      | Killed Natasha
  1894 | D:2      | Reached skill level 5 in Spellcasting
  2033 | D:2      | Noticed Natasha
  2035 | D:2      | You are sucked into a shaft and drop 1 floor!
  2035 | D:3      | Found Myghaz's Antique Weapon Shop.
  2433 | D:3      | Found Domm's Antique Weapon Shoppe.
  2788 | D:3      | Found Etzu's Jewellery Emporium.
  2799 | D:3      | Found Kook's Antique Weapon Boutique.
  3008 | D:2      | Killed Natasha
  3009 | D:2      | Reached XP level 5. HP: 21/35 MP: 0/0
  3009 | D:2      | Learned a level 2 spell: Passwall
  3344 | D:2      | Noticed Natasha
  3351 | D:2      | Killed Natasha
  3568 | D:4      | Noticed Duvessa
  3568 | D:4      | Noticed Dowan
  3874 | D:4      | Noticed Grinder
  3883 | D:4      | Gained mutation: You are agile. (Dex +2) [potion of
                  | mutation]
  3883 | D:4      | Gained mutation: You are partially covered in iridescent
                  | scales. (AC +2) [potion of mutation]
  3883 | D:4      | Gained mutation: You have a pair of small horns on your
                  | head. [potion of mutation]
  3883 | D:4      | Gained mutation: Your mind is acute. (Int +2) [potion of
                  | mutation]
  3887 | D:4      | Slain by Grinder

Illustrated notes

Levels and vault maps discovered:
D:1:      amcnicky_arrival_flooded_fountain, layout_basic,
          minmay_tree_intersection
D:2:      layout_basic, grunt_temple_overflow_forces_of_nature,
          minmay_worlds_worst_comb, uniq_natasha
D:3:      layout_basic, serial_shops, shop, shop, shop_fountains, shop
D:4:      layout_loops_cross, overflow_temple_1_default,
          gammafunk_temple_overflow_pools, serial_shops, shop,
          uniq_blork_the_orc, uniq_menkaure, uniq_grinder, uniq_duvessa,
          uniq_edmund

Skill      XL: |  1  2  3  4 |
---------------+-------------+-----
Spellcasting   | 4 5 |  5.8
Dodging        | |  2.3
Stealth        | |  1.5

Action                   |  1- 3 |  4- 6 || total
-------------------------+-------+-------++-------
 Cast: Freeze            |    39 |     4 ||    43
       Frozen Ramparts   |     7 |     6 ||    13
       Sting             |     3 |    52 ||    55
       Ozocubu's Armour  |       |     1 ||     1
Evoke: Wand              |       |     1 ||     1
  Use: Potion            |       |     2 ||     2
Armor: Robe              |     5 |     4 ||     9
Dodge: Dodged            |    22 |    10 ||    32

Table legend: (Time is in decaauts)
 A = Elapsed time spent in this place.
 B = Non-inter-level travel time spent in this place.
 C = Inter-level travel time spent in this place.
 D = Time resting spent in this place.
 E = Time spent auto-exploring this place.
 F = Levels seen in this place.
 G = Mean time per level.
                   A        B        C        D        E       F      G
               +--------+--------+--------+--------+--------+-----+--------+
         Total |   3888 |   3776 |    112 |      0 |   3298 |   4 |  972.0 |
       Dungeon |   3888 |   3776 |    112 |      0 |   3298 |   4 |  972.0 |
               +--------+--------+--------+--------+--------+-----+--------+

Top non-repeatable levels by time:
     D:2: 1461 daAuts
     D:1: 1283 daAuts
     D:3: 900 daAuts
     D:4: 243 daAuts
